 Dungeon Crawl Stone Soup version 0.16.1-30-g34a7ffa (webtiles) character file.

167 ztt the Magician (level 5, -5/31 HPs)
             Began as a High Elf Wizard on June 23, 2015.
             Killed from afar by Ijyb (7 damage)
             ... with a wand of magic darts
             ... on level 3 of the Dungeon.
             The game lasted 00:09:17 (3145 turns).

ztt the Magician (High Elf Wizard)                  Turns: 3145, Time: 00:09:17

Health: -5/31      AC:  2    Str:  6    XL:     5   Next: 23%
Magic:  12/18      EV: 13    Int: 23    God:
Gold:   131        SH:  0    Dex: 13    Spells: 5 memorised, 5 levels left

rFire  . . .     SeeInvis .     o - -1 dagger (curse)
rCold  . . .     Clarity  .     a - +0 robe
rNeg   . . .     SustAb   .     (no shield)
rPois  .         Gourm    .     b - +0 hat
rElec  .         Spirit   .     (no cloak)
rCorr  .         Warding  .     (no gloves)
rMut   .         Stasis   .     (no boots)
MR     .....                    (no amulet)
Stlth  ++........               (no ring)
                                (no ring)

@: about to teleport, very slightly contaminated, not resistant to hostile
enchantments, unstealthy
A: no striking features
a: no special abilities


You were on level 3 of the Dungeon.
You were hungry.

You visited 1 branch of the dungeon, and saw 3 of its levels.

You collected 131 gold pieces.

Inventory:

Hand weapons
 m - a +0 dagger
 o - a cursed -1 dagger (weapon)
 v - a +2 whip of electrocution
Armour
 a - a +0 robe (worn)
 b - a +0 hat (worn)
Jewellery
 q - a cursed ring of teleportation {unknown}
 u - an uncursed amulet of faith {unknown}
Scrolls
 k - a scroll of recharging
 p - 6 scrolls of identify
Potions
 e - 2 potions of restore abilities {unknown}
 g - a potion of flight
 h - 2 potions of brilliance {unknown}
 i - a potion of resistance {unknown}
 l - 2 potions of curing {unknown}
 n - a potion of magic {unknown}
 r - a potion of cancellation {unknown}
 t - a potion of poison {unknown}
 w - a potion of agility {unknown}
Books
 c - a book of Minor Magic

   Spells                             Type                      Level
   a - Magic Dart                     Conjuration                  1
   b - Blink                          Translocation                2
   c - Call Imp                       Summoning                    2
   d - Repel Missiles                 Charms/Air                   2
   e - Slow                           Hexes                        2
   f - Conjure Flame                  Conjuration/Fire             3
   g - Mephitic Cloud                 Conjuration/Poison/Air       3
Comestibles
 d - 3 bread rations
 f - a meat ration


   Skills:
 + Level 3.2 Dodging
 + Level 2.7 Stealth
 + Level 5.6 Spellcasting
 + Level 2.4 Conjurations
 + Level 0.8 Summonings
 + Level 1.1 Translocations


You had 5 spell levels left.
You knew the following spells:

 Your Spells              Type           Power        Failure   Level  Hunger
a - Magic Dart            Conj           ###.         3%          1    None
b - Blink                 Tloc           N/A          10%         2    None
c - Call Imp              Summ           ##......     12%         2    None
d - Repel Missiles        Chrm/Air       #.....       17%         2    None
e - Conjure Flame         Conj/Fire      ##......     17%         3    ##.....


Dungeon Overview and Level Annotations

Branches:
Dungeon (3/15)

Altars:
Kikubaaqudgha
Nemelex Xobeh
Okawaru

Annotations:
D:3 Ijyb


Message History

The magic dart hits Ijyb.
Ijyb is moderately wounded.
Ijyb zaps a wand.
The magic dart hits you!
Casting: Magic Dart
Confirm with . or Enter, or press ? or * to list all spells.
Aiming: Magic Dart
Press: ? - help, Shift-Dir - straight line, f/p - Ijyb
Aim: Ijyb, wielding a dagger and carrying a wand of magic darts {zapped: 2} (moderately wounded)
The magic dart hits Ijyb.
Ijyb is heavily wounded.
Ijyb zaps a wand.
The magic dart hits you!
* * * LOW HITPOINT WARNING * * *
Drink which item? (? for menu, Esc to quit)
Okay, then.
Read which item? (? for menu, Esc to quit)
As you read the scroll of teleportation, it crumbles to dust.
You feel strangely unstable.
Ijyb screams, "Get away!"
Ijyb zaps a wand.
The magic dart hits you!
You die... g

#.# .# #.# . #.#
##. #.#
#g.##########.###
#g##............#
#g##.########.#.#
#.##.# #.#.#
###@##.# #†#.#
#......#
#####.#.##
#......#
#.....#.##
..........#
#.###.#.#.
####.....#####.#
#.#..#
#...........#
#.)>##
#############
###..# #... ####


You could see Ijyb, a hobgoblin and 2 goblins.

Vanquished Creatures
  4 adders
  5 gnolls
  2 worms (D:2)
  2 oozes (D:1)
  4 orcs (D:3)
  9 bats
  2 hobgoblins (D:2)
  A quokka (D:3)
  2 ball pythons
  3 giant cockroaches
  5 giant geckos
  5 giant newts
  9 goblins
  6 kobolds
  7 rats
66 creatures vanquished.

Notes
Turn   | Place    | Note
--------------------------------------------------------------
     0 | D:1      | ztt, the High Elf Wizard, began the quest for the Orb.
     0 | D:1      | Reached XP level 1. HP: 11/11 MP: 5/5
   474 | D:1      | Reached skill level 4 in Spellcasting
   564 | D:1      | Reached XP level 2. HP: 12/17 MP: 4/8
   568 | D:1      | Learned a level 2 spell: Blink
   571 | D:1      | Learned a level 2 spell: Call Imp
   574 | D:1      | Learned a level 2 spell: Repel Missiles
   943 | D:1      | You fall through a shaft!
  1217 | D:1      | Reached XP level 3. HP: 19/21 MP: 0/11
  1662 | D:2      | Found an ancient bone altar of Kikubaaqudgha.
  1764 | D:2      | Found an iron altar of Okawaru.
  1883 | D:2      | Learned a level 3 spell: Conjure Flame
  2155 | D:2      | Reached XP level 4. HP: 27/27 MP: 2/15
  2483 | D:2      | Reached skill level 5 in Spellcasting
  2810 | D:3      | Reached XP level 5. HP: 31/31 MP: 13/18
  3100 | D:3      | Found a sparkling altar of Nemelex Xobeh.
  3137 | D:3      | Noticed Ijyb
  3145 | D:3      | Killed from afar by Ijyb

Action                   |  1- 3 |  4- 6 || total
-------------------------+-------+-------++-------
Melee: Unarmed           |     3 |       ||     3
       Dagger            |    26 |     2 ||    28
 Cast: Magic Dart        |   124 |    81 ||   205
  Use: Scroll            |     4 |     2 ||     6
  Eat: Chunk             |     1 |     2 ||     3
       Beef jerky        |     1 |     1 ||     2
